 Dungeon Sprint DCSS version 0.25-a0-41-g6cf4ce537d (webtiles) character file.

Game seed: 15427894560296210251, levelgen mode: deterministic

431 GordonOverkill the Blocker (level 6, -3/76 HPs)
             Began as a Minotaur Fighter on Oct 21, 2019.
             Slain by Sonja
             ... wielding a +1 short sword of distortion
              (6 damage)
             ... in the Dungeon (Sprint I: "Red Sonja").
             The game lasted 00:01:08 (632 turns).

GordonOverkill the Blocker (Minotaur Fighter)        Turns: 632, Time: 00:01:09

Health: -3/76      AC:  6    Str: 27    XL:     6   Next: 66%
Magic:  5/5        EV:  9    Int:  5    God:
Gold:   297        SH: 13    Dex: 10    Spells: 5/5 levels left

rFire    . . .     SeeInvis .   a - +0 war axe
rCold    . . .     Gourm    .   c - +0 shield
rNeg     . . .     Faith    .   b - +0 scale mail
rPois    .         Spirit   .   (helmet restricted)
rElec    .         Reflect  .   (no cloak)
rCorr    .         Harm     .   (no gloves)
MR       .....     NoTele   +   (no boots)
Stlth    ..........             (no amulet)
HPRegen  0.22/turn              (no ring)
MPRegen  0.09/turn              (no ring)

@: berserking (expiring), very quick
A: retaliatory headbutt, horns 2
a: no special abilities


You were in the Dungeon.
You were not hungry.

You visited 1 branch You collected 297 gold pieces.

Inventory:

Hand Weapons
 a - a +0 war axe (weapon)
Armour
 b - a +0 scale mail (worn)
 c - a +0 shield (worn)
Wands
 l - a wand of digging (4)
Scrolls
 k - a scroll of blinking
 m - a scroll of magic mapping {unknown}
 n - a scroll of amnesia {unknown}
Potions
 d - a potion of might
 e - 2 potions of curing
 g - a potion of heal wounds
 h - a potion of haste
 i - 2 potions of magic
Comestibles
 f - a ration


   Skills:
 - Level 3.6 Fighting
 + Level 12.1 Axes
 - Level 3.6 Armour
 + Level 12.3 Shields


You had 5 spell levels left.
You didn't know any spells.
Your spell library was empty.

Dungeon Overview and Level Annotations

Branches:
Dungeon (1/1)

Altars:
Cheibriados
Dithmenos
Elyvilon
Fedhas
Hepliaklqana
Kikubaaqudgha
Okawaru
Qazlal
Ru
Sif Muna
Trog
Uskayaw
Vehumet
Wu Jian
Yredelemnul
Zin
The Shining One

Shops:
D [

Annotations:
D Sonja


Innate Abilities, Weirdness & Mutations

You reflexively headbutt those who attack you in melee.
You have a pair of horns on your head.


Message History

Sonja hits you but does no damage. Space warps horribly around you!
* * * LOW HITPOINT WARNING * * *
You block Sonja's attack.
You completely miss Sonja. You slash the yak!
You kill the yak!
Your Axes skill gained 2 levels and is now at level 12!
Your Shields skill increases to level 12!
Sonja mumbles some strange words.
Sonja blinks!
There is an open door here.
You feel a strong urge to attack something.
You closely miss Sonja. Your headbutt misses Sonja. Sonja barely misses you.
You block Sonja's attack. x2
You closely miss Sonja. Your headbutt misses Sonja.
Sonja shouts, "Some dancing partner you are!"
Sonja hits you but does no damage. Space bends around you.
* * * LOW HITPOINT WARNING * * *
Sonja hits you but does no damage.
You feel a strange sense of stasis.
Sonja hits you with a +1 short sword of distortion.
You die...

################
#<.#..)..#.)'..#
#..'[.#..'..#..+
#..#####'#####'#
#..# #..#...#.#
#..#__####..##.#
#..#_____##(#_.+
#⌠⌠#_.∩...'(K._#
####_..__##_@#+#
___ ##§# # #.#
$.$ #$.$# ##.##
#+#


You could see Sonja.

Vanquished Creatures
  Sigmund (D)
  A yak (D)
  An ogre (D)
  A jelly (D)
  Ijyb (D)
5 creatures vanquished.

Notes
Turn   | Place    | Note
-------+----------+-------------------------------------------
     0 | D        | GordonOverkill the Minotaur Fighter began the quest for the
                  | Orb.
     0 | D        | Reached XP level 1. HP: 19/19 MP: 0/0
     1 | D        | Noticed Ijyb
    19 | D        | Killed Ijyb
    19 | D        | Reached skill level 5 in Axes
    19 | D        | Reached XP level 2. HP: 15/26 MP: 1/1
   147 | D        | Noticed an ogre
   154 | D        | Killed an ogre
   154 | D        | Reached XP level 3. HP: 12/31 MP: 2/2
   154 | D        | Reached XP level 4. HP: 16/39 MP: 3/3
   338 | D        | Noticed Sigmund
   355 | D        | Killed Sigmund
   355 | D        | Reached skill level 10 in Axes
   355 | D        | Reached skill level 10 in Shields
   355 | D        | Reached XP level 5. HP: 16/45 MP: 4/4
   556 | D        | Found a shimmering blue altar of Sif Muna.
   557 | D        | Found an ornate altar of the Wu Jian Council.
   558 | D        | Found a radiant altar of Vehumet.
   562 | D        | Reached XP level 6. HP: 46/51 MP: 5/5
   614 | D        | Noticed Sonja
   617 | D        | Found Qusum's Armour Emporium.
   617 | D        | Found an ancient bone altar of Kikubaaqudgha.
   617 | D        | Found a hazy altar of Hepliaklqana.
   617 | D        | Found a stormy altar of Qazlal.
   617 | D        | Found a hide-covered altar of Uskayaw.
   617 | D        | Found a blossoming altar of Fedhas.
   617 | D        | Found a bloodstained altar of Trog.
   617 | D        | Found an iron altar of Okawaru.
   617 | D        | Found a basalt altar of Yredelemnul.
   617 | D        | Found a glowing golden altar of the Shining One.
   617 | D        | Found a snail-covered altar of Cheibriados.
   617 | D        | Found a sacrificial altar of Ru.
   617 | D        | Found a glowing silver altar of Zin.
   617 | D        | Found a shadowy altar of Dithmenos.
   617 | D        | Found a white marble altar of Elyvilon.
   617 | D        | Noticed a yak
   628 | D        | Killed a yak
   632 | D        | HP: 3/76 [Sonja/+1 short sword of distortion (3)]
   632 | D        | Slain by Sonja

Levels and vault maps discovered:
D:        dungeon_sprint_1 [red_sonja_temple_1, red_sonja_temple_small_1]

Skill      XL: |  1  2  3  4  5  6 |
---------------+-------------------+-----
Axes           | 5 8 10 12 | 12.1
Shields        | 6 8 10 11 12 | 12.3
Fighting       | |  3.6
Armour         | |  3.6

Action                   |  1- 3 |  4- 6 || total
-------------------------+-------+-------++-------
Melee: War axe           |    23 |    25 ||    48
       Headbutt          |     5 |     4 ||     9
  Use: Potion            |       |     1 ||     1
Armor: Scale mail        |     6 |     7 ||    13
Dodge: Dodged            |    10 |     6 ||    16
Block: Shield            |     7 |    17 ||    24

Table legend:
 A = Non-vault XP
 B = Vault XP
 C = Vault XP percentage of total XP
 D = Non-vault monster count
 E = Vault monster count
 F = Vault count percentage of total count
                 A         B        C        D         E       F
            +---------+---------+-------+---------+---------+-------
      Total |       0 |     616 | 100.0 |       0 |       5 | 100.0
            +---------+---------+-------+---------+---------+-------
          D |       0 |     616 | 100.0 |       0 |       5 | 100.0
            +---------+---------+-------+---------+---------+-------
